[Event "Titled Tuesday Blitz May 03 Late 2022"]
[White "Skawinski, Arkadiusz"]
[Black "Gombocz, Ferenc Jr."]
[WhiteFideId "1126415"]
[BlackFideId "775029"]
[WhiteElo "2222"]
[BlackElo "1913"]
[Result "1-0"]
[Round "01"]
[TimeControl "180+1"]
[Date "2022.05.03"]
[WhiteClock "0:00:36"]
[BlackClock "0:01:28"]

1. e4 e5 2. Nf3 Nc6 3. Bb5 g6 4. d4 exd4 5. Bg5 Be7 6. Bxe7 Qxe7 7. Bxc6 dxc6 8. Qxd4 Nf6 9. Nc3 Bg4 10. O-O-O Bxf3 11. gxf3 O-O 12. f4 Rfd8 13. Qe3 Rxd1+ 14. Rxd1 Rd8 15. Rxd8+ Qxd8 16. Qxa7 b6 17. Qa4 c5 18. Qc6 Qd4 19. a4 Ng4 20. Qxc7 Nxf2 21. Qb8+ Kg7 22. Qe5+ Qxe5 23. fxe5 Ng4 24. Nd5 Nxh2 25. Nxb6 Nf3 26. Nd5 Nxe5 27. a5 Nc6 28. a6 h5 29. Kd2 h4 30. Ke3 g5 31. Kf3 Ne5+ 32. Kg2 Nc6 33. c3 g4 34. b4 cxb4 35. cxb4 Na7 36. Nc3 Kg6 37. b5 Kg5 38. b6 Nc6 39. a7 h3+ 40. Kg3 f5 41. exf5 Nd4 42. Ne4+ Kxf5 43. a8=Q Ne2+ 44. Kf2 h2 45. Ng3+ Nxg3 46. Kxg3 1-0


[Site "https://www.chess.com"]

[Event "Titled Tuesday Blitz May 03 Late 2022"]
[White "Skuhala, Barbara"]
[Black "Dimakiling, Oliver"]
[WhiteFideId "14605465"]
[BlackFideId "5202248"]
[WhiteElo "2155"]
[BlackElo "2426"]
[Result "0-1"]
[Round "01"]
[TimeControl "180+1"]
[Date "2022.05.03"]
[WhiteClock "0:01:15"]
[BlackClock "0:01:09"]

1. e4 g6 2. d4 Bg7 3. Nc3 d6 4. f3 a6 5. Be3 Nc6 6. Qd2 b5 7. Nce2 e5 8. d5 Nce7 9. h4 h5 10. Nh3 Bxh3 11. Rxh3 Qd7 12. Rh1 Nf6 13. Bg5 c6 14. dxc6 Qxc6 15. O-O-O Rd8 16. Nc3 O-O 17. Bxf6 Bxf6 18. g4 hxg4 19. fxg4 b4 20. Nd5 Nxd5 21. exd5 Qa4 22. Kb1 e4 23. g5 Be5 24. h5 Rb8 25. hxg6 fxg6 26. Bc4 Rf3 27. Rh6 Qe8 28. Rdh1 Bg7 29. Rh7 Qe5 30. Rxg7+ Qxg7 31. Qh2 Rd8 32. Qh4 Re8 33. Qh2 Re5 34. Qd2 e3 35. Qxb4 e2 36. Re1 Qe7 37. a3 Rf1 38. Ka2 Rxe1 39. Qxe1 Kg7 40. Qh4 e1=Q 41. Qh6+ Kg8 42. Qxg6+ Qg7 43. Qxd6 Qe4 44. Bb3 Qxg5 45. Qb8+ Kg7 46. d6 Re8 47. Qc7+ Kh6 48. d7 Rd8 49. Qb6+ Kg7 50. Qc7 Qee7 51. Qc3+ Qef6 52. Qc7 a5 53. a4 Qge5 0-1


[Site "https://www.chess.com"]

[Event "Titled Tuesday Blitz May 03 Late 2022"]
[White "Skytte, Rasmus"]
[Black "Fiorito, Fabian"]
[WhiteFideId "1404210"]
[BlackFideId "100200"]
[WhiteElo "2430"]
[BlackElo "2395"]
[Result "0-1"]
[Round "01"]
[TimeControl "180+1"]
[Date "2022.05.03"]
[WhiteClock "0:00:08"]
[BlackClock "0:00:16"]

1. e4 c5 2. Nf3 Nc6 3. d4 cxd4 4. Nxd4 g6 5. c4 Nf6 6. Nc3 d6 7. f3 Nxd4 8. Qxd4 Bg7 9. Be3 O-O 10. Qd2 a5 11. b3 a4 12. b4 Be6 13. Rc1 a3 14. Be2 Nd7 15. O-O Ne5 16. Nd5 Bxd5 17. cxd5 Qd7 18. b5 Rfc8 19. b6 f5 20. h3 Qa4 21. exf5 gxf5 22. Rxc8+ Rxc8 23. Rc1 Rf8 24. f4 Nd7 25. Rc7 Rb8 26. Bd3 Nc5 27. Bxf5 Qb5 28. Bxc5 dxc5 29. Be6+ Kh8 30. Rxe7 Qxb6 31. Qe2 Rd8 32. Qg4 Qb2 33. Kh2 Qf6 34. Rf7 Qd4 35. f5 Be5+ 36. Kh1 Qa1+ 37. Qd1 Qxd1# 0-1


[Site "https://www.chess.com"]

[Event "Titled Tuesday Blitz May 03 Late 2022"]
[White "Sliwicki, Damian"]
[Black "Sokolovsky, Yahli"]
[WhiteFideId "1127128"]
[BlackFideId "2820242"]
[WhiteElo "2084"]
[BlackElo "1770"]
[Result "1-0"]
[Round "01"]
[TimeControl "180+1"]
[Date "2022.05.03"]
[WhiteClock "0:00:29"]
[BlackClock "0:00:11"]

1. e4 g6 2. d4 Bg7 3. Nc3 d6 4. Bg5 c5 5. dxc5 Qa5 6. Nf3 Bxc3+ 7. bxc3 Qxc3+ 8. Bd2 Qxc5 9. Bd3 Nf6 10. Bh6 Qc3+ 11. Nd2 Nc6 12. O-O Bg4 13. f3 Be6 14. Rb1 O-O-O 15. Kh1 Nb4 16. Nb3 Qe5 17. Be2 Nxa2 18. Ra1 Nc3 19. Qd2 Nxe2 20. Qxe2 Bxb3 21. cxb3 Kb8 22. Be3 a6 23. Rxa6 bxa6 24. Qxa6 Rd7 25. Ra1 Qxa1+ 26. Qxa1 Rc8 27. h3 Rb7 28. b4 Nd7 29. b5 Nc5 30. Qa5 Ra7 31. Qb4 Rb7 32. e5 Rb6 33. exd6 exd6 34. Bf4 Kb7 35. Kh2 Ra8 36. Bxd6 Rxd6 37. Qxc5 Rad8 38. Qe5 R8d7 39. Qh8 h5 40. Qe5 Kb6 41. h4 Rd5 42. Qf6+ Kxb5 43. Qb2+ Kc6 44. Qc3+ Kd6 45. Qb4+ Ke6 46. Qe4+ Kf6 47. Qf4+ Kg7 48. Qe4 Rf5 49. Qc6 Rdd5 50. Qc3+ Kg8 51. Qc8+ Kh7 52. Qc3 Rc5 53. Qd4 Kg8 54. Qd8+ Kg7 55. Qd4+ Kh7 56. Kh3 Ra5 57. Qd7 Ra2 58. Kg3 Ra3 59. Qe8 Raa5 60. Qe7 Rae5 61. Qf8 Re6 62. Kh3 Re1 63. Kg3 Re6 64. Qc8 Kg7 65. Qc3+ Kf8 66. Qc2 Rfe5 67. Qc3 Re2 68. Qh8+ Ke7 69. Qb8 Rd6 70. Qc7+ Rd7 71. Qc5+ Ke8 72. Qc8+ Ke7 73. Qc5+ Ke6 74. Qc4+ Kf6 75. Qxe2 Rd5 76. Qe4 Rf5 77. Qd4+ Ke6 78. f4 Ke7 79. Qe4+ Kf6 80. Kf3 Kg7 81. g4 hxg4+ 82. Kxg4 Kf6 83. Qd4+ Ke6 84. Qe4+ Kf6 85. Qd4+ Ke6 86. Qd3 Ke7 87. Qxf5 gxf5+ 88. Kxf5 Ke8 89. Kf6 Kf8 90. h5 Kg8 91. h6 Kh7 92. Kxf7 Kxh6 93. f5 1-0


[Site "https://www.chess.com"]

[Event "Titled Tuesday Blitz May 03 Late 2022"]
[White "Smail, Benedict"]
[Black "Ohanyan, Emin"]
[WhiteFideId "2050480"]
[BlackFideId "13312022"]
[WhiteElo "2070"]
[BlackElo "1927"]
[Result "0-1"]
[Round "01"]
[TimeControl "180+1"]
[Date "2022.05.03"]
[WhiteClock "0:00:02"]
[BlackClock "0:00:05"]

1. d4 d5 2. c4 c6 3. Nc3 dxc4 4. Nf3 Nf6 5. a4 e6 6. e3 c5 7. Bxc4 Nc6 8. Bb5 Bd7 9. O-O Bd6 10. dxc5 Bxc5 11. e4 O-O 12. Bg5 Be7 13. Qe2 a6 14. Bc4 h6 15. Bh4 Nh7 16. Bxe7 Qxe7 17. Rfd1 Rad8 18. h3 Bc8 19. e5 Ng5 20. Re1 Nxf3+ 21. Qxf3 Qc5 22. Bd3 Nxe5 23. Rxe5 Qxe5 24. Rd1 g6 25. Ne4 Kg7 26. Ng3 Bd7 27. b3 Bc6 28. Qg4 h5 29. Qh4 Rd4 30. Qe7 Qf6 31. Qc5 Rfd8 32. Qc2 h4 33. Ne2 R4d7 34. Nc3 Qg5 35. Bf1 Rd2 36. Qc1 Qf4 37. Rxd2 Qxd2 38. Qa1 Qd4 39. Qc1 Qf6 40. Nd1 Bd5 41. Ne3 Bxb3 42. Qb1 Qc3 43. Ng4 Rd1 44. Qe4 Bc4 45. Ne3 Rxf1+ 46. Nxf1 b5 47. axb5 axb5 48. Ne3 Bd3 49. Qxh4 Bf5 50. Kh2 b4 51. Qf4 b3 52. Qb8 b2 53. Nxf5+ exf5 54. g4 fxg4 55. hxg4 Qc1 56. Qe5+ Kh7 57. Kg2 b1=Q 58. Qh2+ Qh6 0-1


[Site "https://www.chess.com"]

[Event "Titled Tuesday Blitz May 03 Late 2022"]
[White "Suarez Uriel, Adrian"]
[Black "Abdyzhapar, Asylbek"]
[WhiteFideId "22230874"]
[BlackFideId "13800337"]
[WhiteElo "2316"]
[BlackElo "2331"]
[Result "0-1"]
[Round "01"]
[TimeControl "180+1"]
[Date "2022.05.03"]
[WhiteClock "0:00:22"]
[BlackClock "0:01:11"]

1. e4 e5 2. Nf3 Nc6 3. Bb5 a6 4. Ba4 Nf6 5. O-O Be7 6. d3 b5 7. Bb3 O-O 8. Nc3 d6 9. a3 Na5 10. Ba2 c5 11. Nd5 Nxd5 12. Bxd5 Rb8 13. b4 Nb7 14. c3 Be6 15. c4 Bxd5 16. cxd5 a5 17. Bd2 cxb4 18. axb4 a4 19. d4 Bf6 20. dxe5 dxe5 21. Qe2 Nd6 22. Be3 Nc4 23. Bc5 Re8 24. Nd2 Nd6 25. Rfc1 Be7 26. f4 exf4 27. e5 Nf5 28. Qe4 g6 29. Nf3 Bf6 30. Qxf4 Bg7 31. Re1 Qxd5 32. Rad1 Qc4 33. Qxc4 bxc4 34. Rc1 g5 35. Rxc4 h5 36. h3 f6 37. e6 Rbc8 38. Rce4 h4 39. e7 Kf7 40. Nh2 Ng3 41. Re6 f5 42. Nf3 Bf6 43. Ra6 Ne4 44. Rxa4 Nxc5 45. bxc5 Rxc5 46. Ra7 g4 47. hxg4 fxg4 48. Nd2 Rd5 49. Nb3 Rd3 50. Rb7 h3 51. gxh3 Rg3+ 52. Kf2 Rxh3 53. Na5 Bh4+ 54. Ke2 Bxe1 55. Kxe1 Rxe7+ 56. Rxe7+ Kxe7 57. Kf2 Kf6 58. Nc4 Kg5 59. Kg2 Rc3 60. Nd6 Kf4 61. Nb5 Rd3 62. Nc7 Rd2+ 63. Kf1 Kf3 64. Ne6 Rd1# 0-1


[Site "https://www.chess.com"]

[Event "Titled Tuesday Blitz May 03 Late 2022"]
[White "Suder, Jakub"]
[Black "Svicevic, Rastko"]
[WhiteFideId "1195310"]
[BlackFideId "916315"]
[WhiteElo "2058"]
[BlackElo "2132"]
[Result "1-0"]
[Round "01"]
[TimeControl "180+1"]
[Date "2022.05.03"]
[WhiteClock "0:00:08"]
[BlackClock "0:00:01"]

1. d4 d5 2. c4 e6 3. Nc3 f5 4. Nf3 c6 5. Bf4 Nf6 6. e3 Bd6 7. Qc2 O-O 8. Bd3 Ne4 9. h3 Bxf4 10. exf4 Nd7 11. Ne5 Nxe5 12. fxe5 Qg5 13. g4 Nxc3 14. bxc3 Bd7 15. gxf5 dxc4 16. Bxc4 Rxf5 17. Bd3 Rf3 18. Bxh7+ Kh8 19. Be4 Rf4 20. f3 Raf8 21. Qe2 c5 22. h4 Qg3+ 23. Kd2 Rxe4 24. Qxe4 Bc6 25. Qe1 Qxf3 26. Qf1 cxd4 27. Qxf3 Rxf3 28. Rhc1 d3 29. Rf1 Rh3 30. Rf4 b5 31. Raf1 Bd5 32. Rd4 Bc4 33. Rf2 Kh7 34. Rd7 a6 35. Rg2 Rxh4 36. Rdxg7+ Kh6 37. Rg8 Kh7 38. R2g7+ Kh6 39. Rg3 Rh2+ 40. Ke3 Kh7 41. R8g7+ Kh8 42. Rg2 1-0


[Site "https://www.chess.com"]

[Event "Titled Tuesday Blitz May 03 Late 2022"]
[White "Suleymanli, Aydin"]
[Black "Urbina Perez, Juan Antonio"]
[WhiteFideId "13413937"]
[BlackFideId "2217368"]
[WhiteElo "2481"]
[BlackElo "2192"]
[Result "1-0"]
[Round "01"]
[TimeControl "180+1"]
[Date "2022.05.03"]
[WhiteClock "0:00:34"]
[BlackClock "0:00:10"]

1. e4 e5 2. Nf3 Nc6 3. c3 Nf6 4. d4 Nxe4 5. Bd3 d5 6. dxe5 Be7 7. O-O O-O 8. Nbd2 Nxd2 9. Qxd2 Bg4 10. Re1 h6 11. Qf4 Be6 12. Qg3 Kh8 13. h4 d4 14. Be4 Bd5 15. Nxd4 Bxe4 16. Rxe4 Nxd4 17. Rxd4 Qc8 18. Rg4 Rg8 19. Qf3 Qe6 20. Bf4 c6 21. Bg3 Rad8 22. Rf4 f6 23. exf6 Bxf6 24. Re4 Qd5 25. a4 a6 26. Rae1 Rgf8 27. Qe2 Qd2 28. Kh2 Qxe2 29. R1xe2 Rd7 30. f3 Kg8 31. Kh3 Kf7 32. Kg4 Rfd8 33. h5 Rd5 34. Bf4 R8d7 35. g3 Bg5 36. Be5 Rd2 37. f4 Bf6 38. Kf5 Rxe2 39. Rxe2 Bxe5 40. fxe5 Rd5 41. Re4 b5 42. axb5 axb5 43. Rd4 Rc5 44. Rd7+ Kf8 45. Ke6 Ke8 46. Rxg7 Kf8 47. Rd7 Rc4 48. Rd4 Rc5 49. Kd6 1-0


[Site "https://www.chess.com"]

[Event "Titled Tuesday Blitz May 03 Late 2022"]
[White "Svane, Rasmus"]
[Black "Mogranzini, Roberto"]
[WhiteFideId "4657101"]
[BlackFideId "810894"]
[WhiteElo "2645"]
[BlackElo "2469"]
[Result "1-0"]
[Round "01"]
[TimeControl "180+1"]
[Date "2022.05.03"]
[WhiteClock "0:00:46"]
[BlackClock "0:00:20"]

1. Nf3 c5 2. c4 g6 3. d4 cxd4 4. Nxd4 Bg7 5. e4 Nc6 6. Be3 Nf6 7. Nc3 O-O 8. Be2 d6 9. O-O Bd7 10. Nc2 Rc8 11. f4 a6 12. Rc1 b5 13. cxb5 axb5 14. a3 Qa5 15. Qd2 Rfd8 16. b4 Qa8 17. h3 Be8 18. Rfd1 e6 19. Bxb5 d5 20. e5 Ne4 21. Nxe4 dxe4 22. Qe2 Ne7 23. Rxd8 Rxd8 24. Bxe8 Rxe8 25. Bc5 Nd5 26. Qxe4 Bh6 27. Rf1 Qa4 28. Ne3 Nc3 29. Qc4 Qxa3 30. b5 Qb2 31. b6 Rc8 32. Qb4 Ne2+ 33. Kh2 Qxb4 34. Bxb4 Bxf4+ 35. Rxf4 Nxf4 36. Bd6 Rc1 37. b7 Rb1 38. b8=Q+ Rxb8 39. Bxb8 h5 40. Kg3 Nd3 41. Bd6 Nc1 42. Kf3 Nb3 43. Nc2 Na5 44. Ke4 Nc6 45. Nd4 Na5 46. Kd3 Nb7 47. Kc4 Nd8 48. Be7 Nb7 49. Kb5 1-0


[Site "https://www.chess.com"]

[Event "Titled Tuesday Blitz May 03 Late 2022"]
[White "Sztokbant, Bernardo Vainzoff"]
[Black "Alekseenko, Kirill"]
[WhiteFideId "2115956"]
[BlackFideId "4135539"]
[WhiteElo "2225"]
[BlackElo "2682"]
[Result "1-0"]
[Round "01"]
[TimeControl "180+1"]
[Date "2022.05.03"]
[WhiteClock "0:01:23"]
[BlackClock "0:01:26"]

1. e4 c6 2. d4 d5 3. exd5 cxd5 4. c4 Nf6 5. Nc3 Be6 6. Qb3 Qb6 7. c5 Qxb3 8. axb3 Nc6 9. Be3 a6 10. Nf3 g6 11. Bb5 Bg7 12. Ne5 Bd7 13. Bxc6 Bxc6 14. O-O Nd7 15. Nd3 O-O 16. Rfe1 e6 17. Nb4 Rfe8 18. Ra3 Nb8 19. Nc2 Nd7 20. Nb4 Nb8 21. Nc2 h6 22. b4 Nd7 23. Rea1 g5 24. b5 Nb8 25. bxc6 Nxc6 26. Nb5 Reb8 27. b4 Kf8 28. Nc7 Ra7 29. b5 1-0


[Site "https://www.chess.com"]

[Event "Titled Tuesday Blitz May 03 Late 2022"]
[White "Taichman, Ori"]
[Black "Storey, Charles H"]
[WhiteFideId "2804069"]
[BlackFideId "406686"]
[WhiteElo "2227"]
[BlackElo "2263"]
[Result "1-0"]
[Round "01"]
[TimeControl "180+1"]
[Date "2022.05.03"]
[WhiteClock "0:00:22"]
[BlackClock "0:00:08"]

1. e4 g6 2. d4 Bg7 3. Nc3 c5 4. dxc5 Bxc3+ 5. bxc3 Nf6 6. Qd4 Nc6 7. Qe3 Qa5 8. Bd2 Nd8 9. e5 Nd5 10. Qd4 Nc7 11. Qb4 Nc6 12. Qxa5 Nxa5 13. Be3 Nc6 14. Bd4 Ne6 15. Nf3 O-O 16. Bc4 b6 17. cxb6 axb6 18. Bxb6 Ba6 19. Bb3 Rfb8 20. Be3 Na5 21. Nd2 Bb5 22. Rd1 Nxb3 23. axb3 Ra2 24. c4 Bc6 25. Rc1 Bxg2 26. Rg1 Bh3 27. Ne4 Bf5 28. f3 Bxe4 29. fxe4 Ra5 30. Kd2 Rxe5 31. Kd3 Rh5 32. Rg2 Rh3 33. Kd2 d6 34. Ra1 Nc5 35. Bxc5 dxc5 36. Ra7 Kf8 37. Rd7 Rb6 38. Rd5 Rd6 39. e5 Rxd5+ 40. cxd5 Rh5 41. Re2 f6 42. Kc3 Rxe5 43. Rxe5 fxe5 44. Kd3 g5 45. Ke4 Kf7 46. Kxe5 Kg6 47. c3 h5 48. b4 cxb4 49. cxb4 h4 50. b5 g4 51. Kf4 g3 52. hxg3 h3 53. Kf3 Kf5 54. b6 Ke5 55. b7 1-0


[Site "https://www.chess.com"]

[Event "Titled Tuesday Blitz May 03 Late 2022"]
[White "Tisaj, Domen"]
[Black "Sarkar, Justin"]
[WhiteFideId "14628708"]
[BlackFideId "2010011"]
[WhiteElo "2333"]
[BlackElo "2038"]
[Result "1-0"]
[Round "01"]
[TimeControl "180+1"]
[Date "2022.05.03"]
[WhiteClock "0:00:32"]
[BlackClock "0:00:01"]

1. d4 Nf6 2. c4 e6 3. Nc3 Bb4 4. e3 O-O 5. Ne2 d5 6. a3 Bd6 7. Ng3 c5 8. dxc5 Bxc5 9. b4 Bd6 10. Bb2 dxc4 11. Bxc4 Nc6 12. O-O Ne5 13. Be2 a6 14. Nce4 Nxe4 15. Nxe4 Bc7 16. Rc1 Nc6 17. Qb3 Qe7 18. Rfd1 e5 19. Bc4 a5 20. b5 a4 21. Qc3 Na5 22. Bd5 Bb6 23. Qxe5 Qxe5 24. Bxe5 Bg4 25. Re1 Rad8 26. Nd6 Rd7 27. h3 Be6 28. Bxe6 fxe6 29. Nc4 Nxc4 30. Rxc4 Rd5 31. Bg3 Rxb5 32. Rxa4 Rc8 33. Rd1 h5 34. Rd7 h4 35. Rxh4 1-0


[Site "https://www.chess.com"]

[Event "Titled Tuesday Blitz May 03 Late 2022"]
[White "Tristan, Leonardo"]
[Black "Petrovic, Aleksa"]
[WhiteFideId "113816"]
[BlackFideId "967629"]
[WhiteElo "2404"]
[BlackElo "2198"]
[Result "1-0"]
[Round "01"]
[TimeControl "180+1"]
[Date "2022.05.03"]
[WhiteClock "0:00:15"]
[BlackClock "0:00:02"]

1. d4 Nf6 2. Nf3 e6 3. Bf4 b6 4. e3 Bb7 5. Nbd2 c5 6. c3 Be7 7. h3 O-O 8. Bd3 d5 9. O-O Nbd7 10. Qe2 Ne4 11. Rfe1 Ndf6 12. Rad1 Bd6 13. Bxd6 Qxd6 14. c4 cxd4 15. Nxd4 Nxd2 16. Rxd2 Rac8 17. Nb5 Qb8 18. Nc3 Rfd8 19. Red1 h6 20. a3 Kf8 21. cxd5 Nxd5 22. Nb5 Nf6 23. Bc4 a6 24. Nd6 Rc7 25. Nxb7 Rxd2 26. Rxd2 Rxb7 27. Bxa6 Rc7 28. Qd1 Ke7 29. Bb5 Rc5 30. a4 Rd5 31. Rxd5 Nxd5 32. Qd4 Nf6 33. Kf1 Qd6 34. Qxd6+ Kxd6 35. Ke2 Kc5 36. Kd3 Kb4 37. e4 Kb3 38. e5 Nd5 39. g3 Kxb2 40. Be8 f6 41. exf6 Nxf6 42. Bc6 e5 43. Kc4 Kc2 44. Kb5 Kd2 45. Kxb6 Ke2 46. a5 Kxf2 47. a6 e4 48. a7 e3 49. a8=Q e2 50. Qa2 Kf1 51. Bb5 1-0


[Site "https://www.chess.com"]

[Event "Titled Tuesday Blitz May 03 Late 2022"]
[White "Trost, Edvin"]
[Black "Marin Masis, Jose Esteban"]
[WhiteFideId "1729519"]
[BlackFideId "6508146"]
[WhiteElo "2160"]
[BlackElo "1710"]
[Result "1-0"]
[Round "01"]
[TimeControl "180+1"]
[Date "2022.05.03"]
[WhiteClock "0:01:58"]
[BlackClock "0:00:48"]

1. d4 Nf6 2. Nf3 e6 3. g3 d5 4. Bg2 b5 5. O-O c6 6. Bg5 Be7 7. Nbd2 O-O 8. c3 Nbd7 9. Re1 c5 10. a4 b4 11. cxb4 cxb4 12. Qb3 a5 13. Rac1 Ba6 14. e3 Rc8 15. Bf1 Qb6 16. Ne5 Bxf1 17. Nxd7 Nxd7 18. Bxe7 Rxc1 19. Rxc1 Re8 20. Bc5 Nxc5 21. dxc5 Bc4 22. Qxc4 dxc4 23. cxb6 1-0


[Site "https://www.chess.com"]

[Event "Titled Tuesday Blitz May 03 Late 2022"]
[White "Tymrakiewicz, Rafal"]
[Black "Herrera Reyes, Jose Antonio"]
[WhiteFideId "1108832"]
[BlackFideId "2274914"]
[WhiteElo "2205"]
[BlackElo "2361"]
[Result "1-0"]
[Round "01"]
[TimeControl "180+1"]
[Date "2022.05.03"]
[WhiteClock "0:00:06"]
[BlackClock "0:00:08"]

1. e4 c5 2. c3 g6 3. d4 Bg7 4. Nf3 cxd4 5. Bc4 e6 6. O-O Ne7 7. Bg5 O-O 8. cxd4 Nbc6 9. Nc3 a6 10. d5 f6 11. Bh4 b5 12. Be2 Nb8 13. Qd4 exd5 14. Nxd5 Nbc6 15. Qe3 Bb7 16. Nb6 Rb8 17. Rfd1 Bc8 18. Nxc8 Qxc8 19. Rac1 Qb7 20. Qc5 Rfe8 21. Qd6 Ne5 22. Nxe5 Qxe4 23. Nxd7 Qxh4 24. Nxb8 Nf5 25. Qd5+ Kh8 26. Bf3 Qf4 27. Nd7 Nh4 28. Re1 Rd8 29. Qb7 h5 30. Rc8 Rxc8 31. Qxc8+ Kh7 32. Qc6 Qd2 33. Rd1 Qxb2 34. g3 Nf5 35. Be4 Nd4 36. Rxd4 Qxd4 37. Bf3 h4 38. Kg2 b4 39. Qd5 Qb2 40. Nc5 a5 41. Ne6 h3+ 42. Kxh3 f5 43. Qd7 a4 44. Qxg7+ Qxg7 45. Nxg7 Kxg7 46. Bd5 Kf6 47. f4 Ke7 48. g4 Kd6 49. Bg8 Kc5 50. gxf5 gxf5 51. Kg3 Kd4 52. h4 Kc3 53. h5 b3 54. axb3 a3 55. b4 Kxb4 56. h6 1-0


[Site "https://www.chess.com"]

[Event "Titled Tuesday Blitz May 03 Late 2022"]
[White "Vega Gutierrez, Sabrina"]
[Black "Beerdsen, Thomas"]
[WhiteFideId "2219026"]
[BlackFideId "1030108"]
[WhiteElo "2286"]
[BlackElo "2585"]
[Result "0-1"]
[Round "01"]
[TimeControl "180+1"]
[Date "2022.05.03"]
[WhiteClock "0:00:01"]
[BlackClock "0:00:22"]

1. e4 e5 2. Nf3 Nc6 3. Nc3 Nf6 4. g3 a6 5. Bg2 b5 6. O-O b4 7. Nd5 d6 8. d4 Bg4 9. dxe5 dxe5 10. Bg5 Nd4 11. c3 bxc3 12. bxc3 Nb5 13. Qa4 c6 14. Bxf6 gxf6 15. Ne3 Be6 16. Rfd1 Qc7 17. Rac1 Bc5 18. Nh4 Bxe3 19. fxe3 O-O 20. c4 Nd6 21. Rd2 Rad8 22. c5 Nb7 23. Rxd8 Rxd8 24. Qxa6 Rd2 25. Qf1 Qe7 26. Bh3 Nxc5 27. Bf5 Qa7 28. Qf3 Kf8 29. Bxe6 Nxe6 30. Rxc6 Qxa2 31. Rc8+ Ke7 32. Nf5+ Kd7 33. Rc1 Rxh2 34. Nh4 Rc2 35. Rd1+ Rd2 36. Rxd2+ Qxd2 37. Qxf6 Qxe3+ 38. Kh2 Qd2+ 39. Kh1 Ng5 40. Nf5 Qe1+ 41. Kg2 Qe2+ 42. Kh1 Qf1+ 43. Kh2 Nf3# 0-1


[Site "https://www.chess.com"]

[Event "Titled Tuesday Blitz May 03 Late 2022"]
[White "Vlassov, Nikolai"]
[Black "Hoffmann, Asa"]
[WhiteFideId "4103360"]
[BlackFideId "2001470"]
[WhiteElo "2407"]
[BlackElo "2117"]
[Result "1-0"]
[Round "01"]
[TimeControl "180+1"]
[Date "2022.05.03"]
[WhiteClock "0:00:16"]
[BlackClock "0:00:11"]

1. e4 d6 2. f4 Nf6 3. Nc3 c6 4. Nf3 Bg4 5. d4 e6 6. Bd3 d5 7. e5 Nfd7 8. O-O c5 9. h3 Bxf3 10. Qxf3 cxd4 11. Ne2 Nc6 12. a3 g6 13. b4 a6 14. Bb2 Qb6 15. Qf2 Bg7 16. Nxd4 Rc8 17. Rae1 O-O 18. g4 a5 19. b5 Nxd4 20. Bxd4 Nc5 21. f5 Nxd3 22. Bxb6 Nxf2 23. Rxf2 gxf5 24. gxf5 Bh6 25. Bxa5 Kh8 26. Kh2 Rc4 27. Ref1 Rfc8 28. c3 d4 29. fxe6 fxe6 30. cxd4 Rxd4 31. Rf6 Bg7 32. Rxe6 Rd5 33. a4 Rxe5 34. Rxe5 Bxe5+ 35. Kg2 Ra8 36. Rf5 Rxa5 37. Rxe5 Rxa4 38. Re7 b6 39. Rb7 Ra3 40. Rxb6 Kg7 41. h4 h5 42. Rb8 Kf7 43. b6 Kg7 44. Kf2 Kh7 45. Ke2 Kg7 46. Kd2 Kh7 47. Kc2 Kg7 48. Kb2 Ra5 49. Kc3 Ra1 50. Kc4 Rc1+ 51. Kb5 Rb1+ 52. Kc6 Rc1+ 53. Kb7 Kf6 54. Rh8 Rc5 55. Ka6 Kg7 56. Rd8 1-0


[Site "https://www.chess.com"]

[Event "Titled Tuesday Blitz May 03 Late 2022"]
[White "Vovk, Orest"]
[Black "Moiseenko, Alexander"]
[WhiteFideId "14113490"]
[BlackFideId "14102560"]
[WhiteElo "2203"]
[BlackElo "2577"]
[Result "0-1"]
[Round "01"]
[TimeControl "180+1"]
[Date "2022.05.03"]
[WhiteClock "0:00:01"]
[BlackClock "0:00:08"]

1. h4 e5 2. h5 d5 3. h6 Nxh6 4. d4 Nc6 5. Bxh6 gxh6 6. dxe5 Nxe5 7. Nf3 Bg7 8. Nxe5 Bxe5 9. Nc3 c6 10. Rxh6 Qb6 11. Rb1 Be6 12. e3 O-O-O 13. Qd2 d4 14. Na4 Qc7 15. Bd3 dxe3 16. fxe3 Kb8 17. Kf1 Rhg8 18. Nc5 Bxa2 19. Ra1 Bd5 20. Qb4 Bxg2+ 21. Ke2 Ka8 22. Qa4 b6 23. Na6 Qc8 24. Rxh7 Bd5 25. Kd2 Rg2+ 0-1


[Site "https://www.chess.com"]

[Event "Titled Tuesday Blitz May 03 Late 2022"]
[White "Vujic, Mihailo"]
[Black "Babazada, Khazar"]
[WhiteFideId "918873"]
[BlackFideId "13413554"]
[WhiteElo "2256"]
[BlackElo "2406"]
[Result "0-1"]
[Round "01"]
[TimeControl "180+1"]
[Date "2022.05.03"]
[WhiteClock "0:00:02"]
[BlackClock "0:01:09"]

1. e4 g6 2. d4 Bg7 3. Nc3 d6 4. Bg5 a6 5. Nf3 h6 6. Bh4 b5 7. Bd3 Bb7 8. Qe2 Nd7 9. e5 g5 10. Bg3 Nb6 11. e6 fxe6 12. Qxe6 Qd7 13. Bg6+ Kd8 14. Qf7 Nf6 15. Qxg7 Rg8 16. Qxh6 b4 17. Ne2 g4 18. Nh4 Qe6 19. Qe3 Qc4 20. O-O Nbd5 21. Qd2 Qc6 22. Bf7 Rh8 23. Bxd5 Nxd5 24. f3 Kd7 25. Qg5 Rag8 26. Qf5+ Kd8 27. Nf4 Ne3 28. Qd3 Nxf1 29. Rxf1 gxf3 30. Nxf3 a5 31. d5 Qb6+ 32. Bf2 Qa6 33. Ne6+ Kc8 34. Qxa6 Bxa6 35. Re1 Bc4 36. Rd1 Kd7 37. b3 Be2 38. Rd3 Bxd3 39. cxd3 a4 40. h4 Ra8 41. Nfd4 Ra5 42. Kh2 Rxd5 43. g4 c5 0-1


[Site "https://www.chess.com"]

[Event "Titled Tuesday Blitz May 03 Late 2022"]
[White "Vusatiuk, Vladimir"]
[Black "Bluebaum, Matthias"]
[WhiteFideId "14118610"]
[BlackFideId "24651516"]
[WhiteElo "2157"]
[BlackElo "2550"]
[Result "1-0"]
[Round "01"]
[TimeControl "180+1"]
[Date "2022.05.03"]
[WhiteClock "0:00:46"]
[BlackClock "0:00:31"]

1. d4 Nf6 2. c4 e6 3. Nc3 Bb4 4. e3 c5 5. Ne2 d5 6. a3 Ba5 7. dxc5 dxc4 8. Qxd8+ Bxd8 9. Nd4 Nbd7 10. Bxc4 Nxc5 11. b4 Nce4 12. Nxe4 Nxe4 13. Bb2 Bd7 14. f3 Nd6 15. Bb3 Rc8 16. Kf2 Nc4 17. Bxc4 Rxc4 18. Rac1 Rxc1 19. Rxc1 f6 20. Nb3 Kf7 21. Na5 b6 22. Nc6 Bxc6 23. Rxc6 Ke7 24. Rc8 Kd7 25. Ra8 a5 26. bxa5 bxa5 27. Bc3 Re8 28. Ra7+ Kc6 29. Rxg7 a4 30. Rxh7 Be7 31. Rh4 Kb5 32. Bb4 f5 33. Bxe7 Rxe7 34. Rb4+ Ka5 35. h4 Rc7 36. h5 Rc3 37. h6 Rxa3 38. Rh4 Ra2+ 39. Kg3 f4+ 40. exf4 Rc2 41. h7 Rc8 42. h8=Q Rxh8 43. Rxh8 a3 44. Re8 Kb4 45. Rxe6 Kc5 46. Ra6 Kd4 47. Rxa3 Kd5 48. Re3 Kd6 49. Re5 Kd7 50. Kf2 Kd6 51. g4 Kd7 52. g5 Kc6 53. g6 Kc7 54. g7 Kd6 55. g8=Q Kc7 56. Qg6 Kc8 57. Re8+ Kb7 58. Re7+ Ka8 59. Qe8# 1-0


[Site "https://www.chess.com"]

[Event "Titled Tuesday Blitz May 03 Late 2022"]
[White "Wachinger, Guenther"]
[Black "Matinian, Nikita"]
[WhiteFideId "4604261"]
[BlackFideId "24129100"]
[WhiteElo "2212"]
[BlackElo "2422"]
[Result "0-1"]
[Round "01"]
[TimeControl "180+1"]
[Date "2022.05.03"]
[WhiteClock "0:00:05"]
[BlackClock "0:00:50"]

1. e4 c5 2. Nf3 d6 3. d4 cxd4 4. Nxd4 Nf6 5. Nc3 g6 6. Be3 Bg7 7. f3 O-O 8. Qd2 Nc6 9. O-O-O d5 10. Kb1 e6 11. exd5 Nxd5 12. Nxd5 Qxd5 13. Nxc6 Qxc6 14. Bd4 e5 15. Bc3 Be6 16. Qd6 Qxd6 17. Rxd6 Rfd8 18. Rxd8+ Rxd8 19. Be2 f5 20. Rd1 Rxd1+ 21. Bxd1 Kf7 22. b3 g5 23. Be2 h5 24. Kc1 g4 25. Kd1 Bd5 26. Ke1 Ke6 27. Bd2 Bf6 28. c4 Bc6 29. Bc3 gxf3 30. gxf3 h4 31. Bd2 h3 32. f4 Bh4+ 33. Kd1 Bg3 34. Bf1 Bg2 35. Ke2 Bxh2 36. fxe5 Bxf1+ 37. Kxf1 Kxe5 38. Be3 a6 39. a4 Ke4 40. Bb6 f4 41. b4 f3 42. c5 Bf4 43. b5 h2 44. c6 h1=Q+ 45. Bg1 Be3 46. Ke1 Qxg1# 0-1


[Site "https://www.chess.com"]